AoeStats
← Scout22562

Arabia

503201229Analyzed
1v1 RM · 3mo ago on Aug 30, 2026· 36m 8s· 2 players
Game mode
Random Map
Map size
Tiny (2 player)
Population
200
Speed
Normal
Resources
Standard
Victory
Conquest
Starting age
Dark Age
Ending age
Imperial Age
RankedLock teamsTeams togetherTeam positionsShared explorationLock speedFull tech treeHidden civsTurbo modeCheats
Victory
Defeat
🇵🇱 Celts · Poland
851
+17
vs
🇦🇷 Magyars · Argentina
876
-17
Scout22562
5:11 Loom
10:51 Feudal Age
11:52 Double-Bit Axe
11:51 Horse Collar
16:58 Wheelbarrow
16:27 Town Watch
18:33 Fletching
23:40 Castle Age
24:02 Pikeman
24:04 Elite Skirmisher
26:44 Bodkin Arrow
27:00 Forging
30:54 Town Patrol
32:49 Padded Archer Armor
34:34 Hand Cart
Aldeano Estelar
8:07 Loom
10:46 Feudal Age
16:36 Double-Bit Axe
17:23 Horse Collar
19:02 Wheelbarrow
18:34 Fletching
20:19 Scale Barding Armor
22:50 Bloodlines
27:28 Castle Age
27:06 Gold Mining
27:08 Stone Mining
28:24 Husbandry
27:46 Light Cavalry
28:55 Bow Saw
31:59 Thumb Ring
33:34 Gold Shaft Mining
34:59 Pikeman
Connection lost

Rejoining the realm…

Still unreachable

The connection could not be restored.

Session expired

The server has moved on; the page needs a fresh start.